 Dungeon Crawl Stone Soup version 0.31.0-32-g396128a36d (webtiles) character file.

Game seed: 3549243781805733349

35 teko the Trooper (level 3, -5/31 HPs)
             Began as a Ghoul Fighter on Mar 19, 2024.
             Slain by a gnoll
             ... wielding a +0 club
              (7 damage)
             ... on level 2 of the Dungeon.
             The game lasted 00:02:43 (786 turns).

teko the Trooper (Ghoul Fighter)                     Turns: 786, Time: 00:02:44

Health: -5/31      AC:  6    Str: 21    XL:     3   Next: 35%
Magic:  3/3        EV:  9    Int:  7    God:
Gold:   68         SH:  4    Dex:  8    Spells: 2/2 levels left

rFire   . .          .
                       - Unarmed
rCold   + . .        b - +0 buckler
rNeg    + + +        a - +0 scale mail
rPois   ∞            (no helmet)
rElec   .            (no cloak)
rCorr   .            (no gloves)
SInv    .            (no boots)
Will    .....        (no amulet) Stlth
                     (no ring)
HPRegen 0.00/turn    (no ring)
MPRegen 0.08/turn

%: no passive effects
@: mighty, inhibited regen
A: claws 1, cold resistance 1, negative energy resistance 3, inhibited
regeneration, torment resistance 2, devour on kill
a: no special abilities


You were on level 2 of the Dungeon.
You visited 1 branch of the dungeon, and saw 2 of its levels.

You collected 68 gold pieces.

Inventory:

Armour
 a - a +0 scale mail (worn)
 b - a +0 buckler (worn)
Scrolls
 d - a scroll of revelation {unknown}
 e - 2 scrolls of teleportation {unknown}
 g - 2 scrolls of identify {unknown}
Potions
 f - 2 potions of lignification {unknown}


   Skills:
 + Level 3.6 Fighting
 + Level 3.0 Armour
 + Level 3.0 Shields
 * Level 3.0 Unarmed Combat


You had 2 spell levels left.
You didn't know any spells.
Your spell library was empty.

Dungeon Overview and Level Annotations

Branches:
Dungeon (2/15)

Altars:


Innate Abilities, Weirdness & Mutations

You are immune to poison.
You have sharp fingernails.
Your flesh is cold resistant. (rC+)
You are immune to negative energy. (rN+++)
You do not regenerate when monsters are visible.
You are immune to unholy pain and torment.
You thrive by killing the living.


Message History

You now have 68 gold pieces (gained 11).
You see here a hobgoblin corpse.
A bat comes into view.
A bat is nearby!
You block the bat's attack. The bat hits you but does no damage.
The bat completely misses you.
You scratch the bat.
You kill the bat!
No target in view!
A gnoll comes into view. It is wielding a +0 club.
The gnoll shouts!
You hear a shout! x2
A gnoll comes into view. It is wielding a +4 whip.
You barely miss the gnoll.
A gnoll comes into view. It is wielding a +0 whip.
The gnoll attacks as it pursues you! The gnoll misses you.
You claw the gnoll!
The gnoll is severely wounded.
The gnoll hits you with a +0 club.
You barely miss the gnoll.
The gnoll is severely wounded.
The gnoll hits you with a +0 club.
The gnoll shouts!
You scratch the gnoll but do no damage.
The gnoll is severely wounded.
The gnoll closely misses you.
You scratch the gnoll.
The gnoll is severely wounded.
The gnoll hits you with a +0 club. The gnoll attacks as it pursues you!
The gnoll hits you with a +0 club. The gnoll attacks as it pursues you!
The gnoll hits you with a +0 club.
* * * LOW HITPOINT WARNING * * *
You feel very mighty all of a sudden. The gnoll hits you with a +0 club.
* * * LOW HITPOINT WARNING * * *
The gnoll attacks as it pursues you! The gnoll hits you but does no damage.
The gnoll attacks as it pursues you! The gnoll hits you with a +0 club.
* * * LOW HITPOINT WARNING * * *
The gnoll attacks as it pursues you! The gnoll hits you with a +0 club!
You die...

##### #...# ###...###
#.......#############
#.......##.g@.......#
#.......gg...######.#####
#.....#.##...# #.#...##
#.....#.###### #..###.#
#.#.###g# #..<.#.#
#...g..g# ##<#.#.#
###g##### ##...## #.#
##..†## #g# #.....#


You could see 3 gnolls.

Vanquished Creatures
  A dart slug (D:1)
  4 bats
  2 endoplasms (D:1)
  A giant cockroach (D:1)
  2 goblins (D:1)
  6 hobgoblins
  3 jackals (D:1)
  A frilled lizard (D:1)
  5 kobolds (D:1)
  3 rats (D:1)
28 creatures vanquished.

Notes
Turn   | Place    | Note
-------+----------+-------------------------------------------
     0 | D:1      | teko the Ghoul Fighter began the quest for the Orb.
     0 | D:1      | Reached XP level 1. HP: 19/19 MP: 1/1
    66 | D:1      | Reached XP level 2. HP: 26/26 MP: 2/2
   351 | D:1      | Found a faded altar of an unknown god.
   400 | D:1      | Reached XP level 3. HP: 31/31 MP: 3/3
   786 | D:2      | Slain by a gnoll

Illustrated notes

Levels and vault maps discovered:
D:1:      minmay_arrival_cross, layout_basic, chequers_ecumenical_altar_island
D:2:      minmay_recursive_quarters, layout_loops_cross

Skill      XL: |  1  2  3 |
---------------+----------+-----
Shields        | 3 |  3.0
Unarmed Combat | 3 |  3.0
Armour         | 3 |  3.0
Fighting       | |  3.6

Action                     || total
---------------------------++-------
  Melee: Unarmed           ||    71
    Use: Potion            ||     1
 Armour: Scale mail        ||    41
  Dodge: Dodged            ||    21
  Block: Buckler           ||     8
